Map: Thunderbird LE

Players

SerMask

  • Race: Protoss Protoss
  • League: Diamond
  • Spawn Location: 5:00

OstrichO - Winner!

  • Race: Zerg Zerg
  • League: Platinum
  • Spawn Location: 11:00

VOD

Have the link to the VOD?

Description

Time

  • Played on: June 18, 2019, 3 p.m.
  • Length: 14:24
Show
View Real Time Build Order
Export as new Build Order

SerMask Protoss 

Build Orders:  

Get SALT Encoding   

  12  0:00  Probe  
  13  0:12  Probe  
  14  0:17  Pylon  
  14  0:25  Probe  
  15  0:35  Probe  
  15  0:41  Forge  
  16  0:43  Probe  
  17  1:14  Pylon  
  17  1:17  Pylon  
  17  1:19  Pylon  
  17  1:25  Probe  
  17  1:27  Pylon  
  18  1:33  Probe  
  18  1:37  Pylon  
  17  1:43  Probe  
  17  1:55  Probe  
  17  1:59  Photon Cannon  
  18  2:07  Probe, Photon Cannon  
  19  2:14  Photon Cannon  
  19  2:19  Probe  
  20  2:31  Pylon  
  20  2:40  Photon Cannon  
  19  2:45  Probe  
  20  2:53  Probe  
  20  2:58  Photon Cannon  
  21  3:01  Probe  
  22  3:08  Gateway  
  22  3:13  Probe  
  22  3:16  Photon Cannon  
  23  3:26  Gateway  
  23  3:36  Probe  
  23  3:39  Pylon  
  22  3:44  Probe, Assimilator  
  23  3:51  Assimilator  
  23  3:53  Probe  
  23  4:01  Photon Cannon  
  24  4:05  Cybernetics Core, Probe  
  25  4:28  Zealot  
  26  4:37  Nexus  
  26  4:40  Zealot  
  26  4:44  Pylon  
  28  4:56  Stargate  
  28  5:10  Probe  
  29  5:17  Pylon  
  29  5:21  Probe  
  30  5:29  Probe  
  31  5:35  Stargate  
  31  5:38  Probe  
  31  5:40  Pylon  
  32  5:48  Probe  
  31  5:57  Probe  
  31  6:00  Unknown  
  31  6:01  Unknown, Probe  
  33  6:09  Probe  
  33  6:10  Pylon  
  34  6:17  Probe  
  35  6:25  Probe  
  35  6:31  Void Ray x2  
  44  6:35  Probe  
  45  6:43  Stargate  
  45  6:47  Probe  
  45  6:50  Pylon  
  46  6:55  Probe  
  46  6:56  Pylon  
  47  7:03  Probe  
  48  7:14  Probe, Oracle  
  52  7:20  Oracle  
  55  7:26  Probe  
  55  7:27  Oracle  
  59  7:33  Pylon  
  59  7:37  Stargate  
  59  7:38  Probe  
  60  7:50  Probe  
  61  7:51  Oracle  
  64  8:09  Oracle x2  
  70  8:27  Probe  
  71  8:28  Oracle  
  74  8:39  Probe  
  74  8:40  Oracle  
  78  9:03  Pylon  
  78  9:05  Pylon  
  78  9:08  Gateway  
  78  9:09  Pylon  
  78  9:19  Probe  
  78  9:21  Oracle x3  
  69  9:31  Pylon, Probe  
  58  9:40  Probe  
  58  9:43  Probe  
  60  9:48  Probe  
  61  9:58  Probe  
  56  10:10  Probe  
  57  10:20  Probe x2  
  58  10:23  Oracle x3  
  68  10:28  Probe  
  68  10:32  Probe  
  70  10:36  Probe  
  64  10:44  Probe  
  65  11:12  Nexus  
  65  11:17  Pylon  
  65  11:19  Probe  
  66  11:27  Probe  
  67  12:02  Nexus  
  67  12:05  Pylon  
  67  12:06  Warp Gate  
  67  12:08  Pylon  
  67  12:20  Pylon, Probe  
  69  12:22  Probe  
  69  12:32  Probe  
  70  12:42  Oracle  
  73  12:44  Probe  
  69  13:24  Probe  
  69  13:25  Probe  
  71  13:36  Probe  
  71  13:37  Probe  
  65  13:49  Probe  
  49  14:00  Photon Cannon  
  49  14:01  Probe  
  49  14:02  Photon Cannon  
  45  14:04  Photon Cannon  
  45  14:06  Photon Cannon  
Show
View Real Time Build Order
Export as new Build Order

OstrichO Zerg - Winner!

Build Orders: Hatch First 

Get SALT Encoding   

  12  0:01  Drone  
  13  0:13  Overlord  
  13  0:16  Drone  
  14  0:31  Drone x2  
  14  0:35  Drone  
  17  0:54  Hatchery  
  16  1:01  Drone x2  
  18  1:07  Drone  
  19  1:11  Extractor  
  18  1:44  Drone x3  
  21  1:48  Spawning Pool  
  20  2:00  Drone  
  21  2:19  Overlord  
  21  2:25  Drone x3  
  24  2:41  Zergling x8  
  28  2:48  Queen  
  30  2:51  Queen  
  32  3:02  Zergling x6  
  32  3:03  Zergling x2  
  36  3:13  Roach Warren  
  35  3:32  Extractor  
  34  3:53  Roach  
  36  3:57  Overlord x2  
  36  4:02  Extractor  
  35  4:03  Extractor  
  35  4:04  Metabolic Boost  
  34  4:11  Roach  
  36  4:18  Roach x7  
  50  4:28  Roach  
  51  4:55  Overlord x4  
  51  5:11  Overlord  
  51  5:14  Ravager x2  
  53  5:32  Ravager  
  54  5:57  Ravager x2  
  54  6:38  Queen x2, Spore Crawler  
  57  6:41  Spore Crawler  
  56  6:59  Drone  
  56  7:00  Drone x5  
  62  7:03  Spore Crawler  
  61  7:13  Drone  
  61  7:14  Drone  
  61  7:15  Lair  
  63  7:16  Queen  
  63  7:18  Spore Crawler  
  63  7:19  Spore Crawler x2  
  63  7:22  Drone x2  
  64  7:52  Queen  
  48  8:24  Queen, Spore Crawler  
  49  8:28  Queen  
  49  8:30  Hydralisk Den  
  49  8:33  Spore Crawler  
  44  8:43  Zergling x12  
  44  8:44  Zergling x14  
  56  9:03  Hydralisk x5  
  56  9:04  Hydralisk  
  56  9:09  Hydralisk x2  
  72  9:26  Hydralisk x2  
  73  9:40  Hydralisk  
  73  9:41  Hydralisk  
  76  9:50  Hydralisk x2  
  62  10:07  Hydralisk x2  
  62  10:12  Drone x2  
  63  10:46  Hydralisk x5  
  71  10:53  Grooved Spines  
  71  11:00  Drone x2  
  73  11:14  Hydralisk x2  
  75  11:52  Hydralisk x3  
  74  12:06  Hydralisk x2  
  78  12:23  Hydralisk  
  78  12:27  Zergling x10  
  85  13:09  Hydralisk x3  
  90  13:22  Hydralisk x3  
  90  13:30  Spore Crawler x2  
  90  13:33  Spore Crawler  
Tags
 
Add a new tag
Caveats
  • Supply blocks, unpowered buildings, or Contaminate may cause inaccurate times.
  • Supply counts are checked every 10 seconds.